 Dungeon Crawl Stone Soup version 0.28-b1-25-g9875b3fc8c (webtiles) character file.

Game seed: 1767751308350861719

81 crazypyro the Skirmisher (level 4, 0/35 HPs)
             Began as a Demonspawn Fighter on Feb 1, 2022.
             Slain by a gnoll (5 damage)
             ... on level 2 of the Dungeon.
             The game lasted 00:01:53 (1698 turns).

crazypyro the Skirmisher (Demonspawn Fighter)       Turns: 1698, Time: 00:01:54

Health: 0/35       AC:  9    Str: 18    XL:     4   Next: 19%
Magic:  4/4        EV:  9    Int: 10    God:
Gold:   65         SH:  4    Dex: 12    Spells: 3/3 levels left

rFire   . . .      SeeInvis .   a - +0 war axe
rCold   . . .      Faith    .   c - +0 buckler
rNeg    . . .      Spirit   .   b - +0 scale mail
rPois   .          Reflect  .   (no helmet)
rElec   .          Harm     .   i - +0 cloak
rCorr   .          Rampage  .   g - +0 pair of gloves
Will    .....                   (no boots)
Stlth   ..........              (no amulet)
HPRegen 0.11/turn               (no ring)
MPRegen 0.09/turn               (no ring)

@: no status effects
A: powered by pain 1
a: no special abilities


You were on level 2 of the Dungeon.
You visited 1 branch of the dungeon, and saw 2 of its levels.

You collected 65 gold pieces.

Inventory:

Hand Weapons
 a - a +0 war axe (weapon)
Armour
 b - a +0 scale mail (worn)
 c - a +0 buckler (worn)
 g - a +0 pair of gloves (worn)
 i - a +0 cloak (worn)
Potions
 d - a potion of might
 e - 2 potions of lignification {unknown}
 f - a potion of mutation {unknown}


   Skills:
 - Level 3.4 Fighting
 * Level 2.9 Axes
 - Level 3.1 Armour
 + Level 0.4 Dodging
 - Level 3.1 Shields


You had 3 spell levels left.
You didn't know any spells.
Your spell library contained the following spells:

 Spells                   Type           Power      Damage    Failure   Level
 Animate Skeleton         Necr           0%         N/A       83%         1
 Apportation              Tloc           0%         N/A       83%         1
 Summon Small Mammal      Summ           0%         N/A       83%         1
 Ensorcelled Hibernation  Hex/Ice        0%         N/A       93%         2
 Spider Form              Tmut/Pois      0%         N/A       99%         3
 Anguish                  Hex/Necr       0%         N/A       100%        4


Dungeon Overview and Level Annotations

Branches:
Dungeon (2/15)

Altars:


Innate Abilities, Weirdness & Mutations

You sometimes gain a little power by taking damage.


Message History

You hit the hobgoblin. The gnoll misses you. The hobgoblin barely misses you.
The gnoll hits you but does no damage.
You hit the gnoll but do no damage.
The gnoll is heavily wounded.
You barely miss the hobgoblin. The gnoll hits you but does no damage.
The hobgoblin hits you. The gnoll closely misses you.
The gnoll hits you with a +0 whip.
The hobgoblin hits you but does no damage.
You slash the gnoll!
You kill the gnoll!
You closely miss the hobgoblin. The gnoll barely misses you.
The gnoll hits you from afar with a +0 spear.
The hobgoblin barely misses you. The gnoll hits you but does no damage.
The gnoll closely misses you.
You are too injured to fight recklessly!
You feel your willpower return.
The gnoll hits you from afar with a +0 spear.
The hobgoblin hits you but does no damage.
You hit the hobgoblin.
You kill the hobgoblin!
The gnoll closely misses you. The gnoll hits you but does no damage.
You see here a hobgoblin corpse.
You hit the gnoll.
The gnoll is moderately wounded.
The gnoll hits you with a +0 spear.
* * * LOW HITPOINT WARNING * * *
The gnoll hits you from afar with a +0 spear.
* * * LOW HITPOINT WARNING * * *
The gnoll hits you with a +0 spear.
* * * LOW HITPOINT WARNING * * *
You closely miss the gnoll.
The gnoll is moderately wounded.
The gnoll barely misses you. x2
The gnoll hits you from afar with a +0 spear.
* * * LOW HITPOINT WARNING * * *
You hit the gnoll.
The gnoll is severely wounded.
You block the gnoll's attack.
The gnoll hits you from afar with a +0 spear.
You die...

......# #.##......#....
#####)....# #.##...........
#....)....#.#.##...........
###.........#.#.##.....<.....
..............#[##........<..
......)..g..#.#.##.......###.
......).#.....#.########.....
........#.#####.# ######
....#####.gg@...# ....
######### ## ... #( .. #. #.
#. #. #. #.


You could see 2 gnolls.

Vanquished Creatures
  A gnoll (D:2)
  3 worms (D:2)
  2 dart slugs (D:1)
  An orc (D:2)
  6 ball pythons
  5 endoplasms
  2 giant cockroaches
  6 goblins
  5 hobgoblins
  3 jackals (D:1)
  2 kobolds (D:1)
  4 quokkas
  6 bats
  3 frilled lizards
  4 rats
53 creatures vanquished.

Notes
Turn   | Place    | Note
-------+----------+-------------------------------------------
     0 | D:1      | crazypyro the Demonspawn Fighter began the quest for the
                  | Orb.
     0 | D:1      | Reached XP level 1. HP: 18/18 MP: 1/1
   257 | D:1      | Gained mutation: You sometimes gain a little power by
                  | taking damage. [demonic ancestry]
   257 | D:1      | Reached XP level 2. HP: 24/24 MP: 2/2
   715 | D:1      | Reached XP level 3. HP: 29/29 MP: 3/3
  1670 | D:2      | Reached XP level 4. HP: 25/35 MP: 4/4
  1698 | D:2      | Slain by a gnoll

Illustrated notes

Levels and vault maps discovered:
D:1:      shiori_shiawase, layout_basic
D:2:      layout_basic

Skill      XL: |  1  2 |
---------------+-------+-----
Axes           | 2 |  2.9
Armour         | 3 |  3.1
Shields        | 3 |  3.1
Fighting       | |  3.4
Dodging        | |  0.4

Action                   |  1- 3 |  4- 6 || total
-------------------------+-------+-------++-------
Melee: War axe           |   125 |    13 ||   138
  Use: Scroll            |     2 |       ||     2
Armor: Scale mail        |    61 |    13 ||    74
Dodge: Dodged            |    58 |    13 ||    71
Block: Buckler           |    25 |     4 ||    29
